Map: Newkirk Precinct TE (Void)

Players

NonY - Winner!

  • Race: Protoss Protoss
  • Spawn Location: 7:00

benttwig

  • Race: Zerg Zerg
  • Spawn Location: 5:00

Event: WCS Austin 2017

VOD

Have the link to the VOD?

Description

Time

  • Played on: April 28, 2017, 2:19 p.m.
  • Length: 6:12

All games in this series

Show
View Real Time Build Order
Export as new Build Order

NonY Protoss - Winner!

Build Orders: 1 Gate Expand, Zealot Archon, Dark Templar Rush 

Get SALT Encoding   

  12  0:00  Probe (Chrono Boost)  
  13  0:11  Probe (Chrono Boost)  
  14  0:20  Pylon  
  14  0:22  Probe (Chrono Boost)  
  15  0:34  Assimilator  
  15  0:38  Probe (Chrono Boost)  
  16  0:43  Gateway  
  16  0:49  Probe (Chrono Boost)  
  17  0:59  Probe (Chrono Boost)  
  18  1:10  Probe (Chrono Boost)  
  19  1:20  Nexus  
  19  1:24  Probe (Chrono Boost)  
  20  1:33  Cybernetics Core  
  20  1:37  Probe (Chrono Boost)  
  21  1:41  Assimilator  
  21  1:47  Probe (Chrono Boost)  
  21  1:51  Pylon  
  22  1:58  Probe (Chrono Boost)  
  23  2:06  Warp Gate, Adept  
  23  2:11  Probe (Chrono Boost)  
  26  2:18  Twilight Council  
  27  2:23  Probe (Chrono Boost)  
  27  2:32  Probe (Chrono Boost)  
  27  2:33  Adept  
  27  2:34  Probe (Chrono Boost)  
  31  2:43  Probe (Chrono Boost)  
  32  2:45  Probe (Chrono Boost)  
  33  2:53  Probe (Chrono Boost)  
  33  2:55  Probe (Chrono Boost)  
  33  2:56  Dark Shrine  
  35  3:04  Probe (Chrono Boost)  
  36  3:06  Probe (Chrono Boost)  
  36  3:12  Gateway  
  37  3:16  Gateway  
  37  3:18  Probe x2 (Chrono Boost)  
  37  3:19  Resonating Glaives  
  39  3:23  Pylon  
  39  3:31  Mothership Core (Chrono Boost)  
  41  3:36  Pylon  
  41  3:40  Probe (Chrono Boost)  
  42  3:48  Pylon  
  42  3:51  Probe (Chrono Boost)  
  42  3:52  Probe (Chrono Boost)  
  42  4:07  Pylon  
  42  4:09  Dark Templar  
  44  4:11  Dark Templar  
  46  4:21  Adept  
  45  4:28  Probe (Chrono Boost)  
  47  4:32  Pylon  
  44  4:40  Probe (Chrono Boost)  
  45  4:51  Adept x3  
  49  4:53  Gateway  
  49  4:57  Probe (Chrono Boost)  
  50  5:00  Gateway  
  50  5:02  Gateway  
  50  5:09  Probe (Chrono Boost)  
  50  5:14  Gateway  
  51  5:19  Pylon  
  51  5:20  Pylon  
  52  5:22  Probe (Chrono Boost)  
  52  5:31  Dark Templar x2  
  52  5:32  Adept  
  52  5:34  Probe (Chrono Boost)  
  59  5:37  Pylon  
  59  5:43  Archon  
  59  5:46  Probe (Chrono Boost)  
  60  5:51  Adept  
  60  5:55  Adept  
  64  5:59  Adept x2  
  70  6:05  Adept  
  70  6:06  Adept  
Show
View Real Time Build Order
Export as new Build Order

benttwig Zerg 

Build Orders: Pool First 

Get SALT Encoding   

  12  0:01  Drone  
  13  0:15  Drone  
  14  0:29  Spawning Pool  
  14  0:30  Drone  
  14  0:36  Extractor  
  14  0:37  Drone  
  14  0:44  Evolution Chamber  
  14  0:49  Drone  
  14  0:57  Overlord  
  14  1:17  Drone x3  
  17  1:29  Drone  
  18  1:34  Queen  
  20  1:42  Zerg Melee Weapons Level 1  
  20  1:51  Overlord  
  20  2:00  Zergling x4  
  22  2:12  Metabolic Boost  
  22  2:16  Zergling x2  
  23  2:23  Zergling x2  
  24  2:32  Zergling x2  
  25  2:44  Drone  
  26  2:47  Zergling x2, Hatchery  
  26  2:56  Overlord  
  26  2:58  Zergling x2  
  27  3:03  Zergling x2  
  28  3:09  Overlord  
  28  3:19  Zergling x2  
  29  3:31  Zergling x2  
  29  3:33  Overlord  
  30  3:34  Zergling x2  
  30  3:35  Zergling x2  
  31  3:47  Lair  
  31  3:57  Zergling x2  
  31  3:58  Zergling x2  
  31  4:07  Zergling x8  
  31  4:24  Drone, Zergling x2  
  30  4:27  Spore Crawler  
  28  4:35  Spine Crawler  
  28  4:37  Drone  
  26  4:44  Spine Crawler  
  22  4:54  Drone x2  
  23  5:03  Drone  
  22  5:23  Drone x4  
  22  5:29  Zergling x4  
  24  5:38  Spore Crawler  
  23  5:43  Drone x2  
Tags
 
Add a new tag
Caveats
  • Supply blocks, unpowered buildings, or Contaminate may cause inaccurate times.
  • Supply counts are checked every 10 seconds.